 Dungeon Crawl Stone Soup version 0.25-a0-302-g9f758675c1 (webtiles) character file.

Game seed: 8430407827953226247, levelgen mode: deterministic

90 HeySoSerious the Skirmisher (level 4, 0/37 HPs)
             Began as a Demonspawn Berserker on Dec 20, 2019.
             Was a Believer of Trog.
             Slain by a phantom (9 damage)
             ... on level 3 of the Dungeon.
             The game lasted 00:07:14 (2217 turns).

HeySoSerious the Skirmisher (Demonspawn Berserker)  Turns: 2217, Time: 00:07:14

Health: 0/37       AC:  2    Str: 18    XL:     4   Next: 32%
Magic:  4/4        EV: 12    Int:  9    God:    Trog [**....]
Gold:   117        SH:  0    Dex: 12    Spells: 3/3 levels left

rFire    . . .     SeeInvis .   a - +0 hand axe
rCold    . . .     Gourm    .   (no shield)
rNeg     . . .     Faith    .   b - +0 animal skin
rPois    .         Spirit   .   (helmet restricted)
rElec    .         Reflect  .   (no cloak)
rCorr    .         Harm     .   (no gloves)
MR       .....                  (no boots)
Stlth    +.........             (no amulet)
HPRegen  0.12/turn              (no ring)
MPRegen  0.09/turn              (no ring)

@: berserk cooldown, slowed, very slow
A: antennae 1, claws 1, talons 1
a: Berserk, Trog's Hand, Renounce Religion


You were on level 3 of the Dungeon.
You worshipped Trog.
Trog was pleased with you.
You were near starving.

You visited 1 branch of the dungeon, and saw 3 of its levels.

You collected 117 gold pieces.

Inventory:

Hand Weapons
 a - a +0 hand axe (weapon)
Armour
 b - a +0 animal skin (worn)
Scrolls
 e - 2 scrolls of identify
 g - a scroll of teleportation {unknown}
 i - 2 scrolls of fear {unknown}
 j - a scroll of fog {unknown}
 m - a scroll of blinking {unknown}
 n - a scroll of enchant armour {unknown}
Potions
 f - 2 potions of agility {unknown}
 h - 2 potions of brilliance {unknown}
 k - a potion of ambrosia {unknown}
 l - a potion of heal wounds {unknown}
Comestibles
 c - 6 rations


   Skills:
 + Level 4.0 Fighting
 + Level 3.5 Axes
 + Level 1.8 Armour
 + Level 2.2 Dodging
 + Level 0.5 Stealth


You had 3 spell levels left.
You didn't know any spells.
Your spell library was empty.

Dungeon Overview and Level Annotations

Branches:
Dungeon (3/15)

Altars:
Dithmenos


Innate Abilities, Weirdness & Mutations

You have a pair of small antennae on your head.
You have sharp fingernails.
You have sharp toenails.


Message History

* * * LOW HITPOINT WARNING * * *
The phantom blinks!
You feel a strong urge to attack something.
You closely miss the phantom.
The phantom is moderately damaged.
The phantom hits you.
* * * LOW HITPOINT WARNING * * *
The phantom blinks!
You enter the shallow water.
Moving in this stuff is going to be slow.
The phantom blinks!
You feel a strong urge to attack something.
You are no longer berserk.
You are exhausted.
You feel yourself slow down.
The phantom blinks!
The phantom barely misses you.
You barely miss the phantom.
The phantom is moderately damaged.
The phantom hits you!
You die...

....... #..#.#
#....### #
#......#.# #
##.#.>.<..#
#.#.....#######
#..≈.≈...$....#
#...W≈)..##.###
#.=..@≈≈......#
###.......#.#.#
###....##...
###### ####


You could see a phantom.

Vanquished Creatures
  2 adders (D:2)
  A worm (D:2)
  3 dart slugs (D:2)
  A leopard gecko (D:2)
  4 giant cockroaches
  7 goblins
  8 hobgoblins
  6 jackals
  3 quokkas (D:2)
  13 bats
  4 frilled lizards
  A kobold (D:2)
  2 rats
55 creatures vanquished.

Notes
Turn   | Place    | Note
-------+----------+-------------------------------------------
     0 | D:1      | HeySoSerious the Demonspawn Berserker began the quest for
                  | the Orb.
     0 | D:1      | Reached XP level 1. HP: 18/18 MP: 1/1
   233 | D:1      | Gained mutation: You have sharp toenails. [demonic
                  | ancestry]
   233 | D:1      | Reached XP level 2. HP: 24/24 MP: 2/2
   598 | D:1      | Reached ** piety under Trog
   729 | D:1      | Gained mutation: You have a pair of small antennae on your
                  | head. [demonic ancestry]
   729 | D:1      | Reached XP level 3. HP: 20/29 MP: 3/3
  1388 | D:2      | Gained mutation: You have sharp fingernails. [demonic
                  | ancestry]
  1388 | D:2      | Reached XP level 4. HP: 35/37 MP: 4/4
  1482 | D:2      | Reached skill level 4 in Fighting
  1942 | D:2      | Found a shadowy altar of Dithmenos.
  2185 | D:3      | Noticed a phantom
  2217 | D:3      | Slain by a phantom

Levels and vault maps discovered:
D:1:      sevenhm_arrival_forest_fort_large_2, layout_loops_cross,
          minmay_misc_feat_rows, chequers_serial_rivers_room_a,
          minmay_misc_feat_alley
D:2:      layout_basic, nicolae_overflow_hidden_temple
D:3:      layout_basic, serial_rivers, chequers_serial_rivers_room_a,
          chequers_serial_rivers_large_a, chequers_serial_rivers_micro_c,
          chequers_serial_rivers_room_b, chequers_serial_rivers_micro_b,
          chequers_serial_rivers_micro_c

Skill      XL: |  1  2  3  4 |
---------------+-------------+-----
Axes           | 3 |  3.5
Dodging        | 2 |  2.2
Fighting       | 4 |  4.0
Armour         | |  1.8
Stealth        | |  0.5

Action                   |  1- 3 |  4- 6 || total
-------------------------+-------+-------++-------
Melee: Hand axe          |   108 |    50 ||   158
       Kick              |    15 |    14 ||    29
Invok: Berserk           |     2 |     1 ||     3
  Use: Scroll            |     1 |       ||     1
 Stab: Sleeping          |     3 |       ||     3
  Eat: Chunk             |     3 |     2 ||     5
Armor: Animal skin       |    28 |     7 ||    35
Dodge: Dodged            |    88 |    28 ||   116

Table legend:
 A = Non-vault XP
 B = Vault XP
 C = Vault XP percentage of total XP
 D = Non-vault monster count
 E = Vault monster count
 F = Vault count percentage of total count
                 A         B        C        D         E       F
            +---------+---------+-------+---------+---------+-------
      Total |     129 |       0 |   0.0 |      55 |       0 |   0.0
            +---------+---------+-------+---------+---------+-------
        D:1 |      42 |       0 |   0.0 |      24 |       0 |   0.0
        D:2 |      84 |       0 |   0.0 |      29 |       0 |   0.0
        D:3 |       3 |       0 |   0.0 |       2 |       0 |   0.0
            +---------+---------+-------+---------+---------+-------
